 Dungeon Crawl Stone Soup version 0.30-a0-950-gbf40cfac39 (webtiles) character file.

Game seed: 10697905716855112183

22430 112233 the Thaumaturge (level 13, -11/103 HPs)
             Began as a Human Ice Elementalist on Mar 27, 2023.
             Was an Elder of Vehumet.
             Mangled by a meliai
             ... wielding a +0 hand axe
              (16 damage)
             ... on level 13 of the Dungeon on Mar 28, 2023.
             The game lasted 00:28:00 (18956 turns).

112233 the Thaumaturge (Human Ice Elementalist)    Turns: 18956, Time: 00:28:01

Health: -11/103    AC:  6    Str: 15    XL:     13   Next: 27%
Magic:  9/28       EV: 16    Int: 32    God:    Vehumet [****..]
Gold:   881        SH:  0    Dex: 13    Spells: 11/34 levels left

rFire   + + .      SeeInvis .    y - +2 war axe (elec)
rCold   + . .      Faith    +    (no shield)
rNeg    + . .      Spirit   .    D - +2 robe {Archmagi}
rPois   .          Reflect  .    (no helmet)
rElec   .          Rampage  .    K - scarf {rC+ rF+}
rCorr   .          Archmagi +    S - +0 pair of gloves
Will    +++..                    T - +0 pair of boots
Stlth   ++                       R - amulet "Wihap" {Faith rF+ Int+5}
HPRegen 0.37/turn                c - +6 ring of intelligence
MPRegen 0.21/turn                s - ring "Fumuarod" {*Corrode rN+ Will+++ Str+6}

@: lethally poisoned (-11 -> -20), freezing walls
A: no striking features
a: Renounce Religion


You were on level 13 of the Dungeon.
You worshipped Vehumet.
Vehumet was greatly pleased with you.
You visited 2 branches of the dungeon, and saw 14 of its levels.
You also visited: Sewer and Ossuary.

You collected 993 gold pieces.
You spent 112 gold pieces at shops.

Inventory:

Hand Weapons
 y - a +2 war axe of electrocution (weapon)
 C - a +2 whip of electrocution
Armour
 D - a +2 robe of the Archmagi (worn)
 K - a scarf of resistance (worn)
 S - a +0 pair of gloves (worn)
 T - a +0 pair of boots (worn)
Jewellery
 a - the amulet of Doabrag {Faith Will++ MP+9}
   (You took it off a meliai on level 12 of the Dungeon)

   [amulet of faith]

   It allows you to gain divine favour quickly.
   MP:        It affects your magic capacity (+9).
   Will:      It greatly increases your willpower.
 c - a +6 ring of intelligence (left hand)
 s - the ring "Fumuarod" (right hand) {*Corrode rN+ Will+++ Str+6}
   (You found it on level 12 of the Dungeon)

   [ring of positive energy]

   Str:       It affects your strength (+6).
   rN:        It protects you from negative energy.
   *Corrode:  It may corrode you when you take damage.
   Will:      It greatly increases your willpower.
 z - a ring of protection from cold
 F - a ring of positive energy
 Q - a +6 ring of intelligence
 R - the amulet "Wihap" (around neck) {Faith rF+ Int+5}
   (You found it on level 12 of the Dungeon)

   [amulet of faith]

   It allows you to gain divine favour quickly.
   Int:       It affects your intelligence (+5).
   rF:        It protects you from fire.
 U - the ring of Rubyaj {Wiz *Slow Str+7}
   (You found it on level 12 of the Dungeon)

   [ring of wizardry]

   It improves your spell success rate.
   Str:       It affects your strength (+7).
   *Slow:     It may slow you when you take damage.
Wands
 u - a wand of iceblast (8) (quivered)
 M - a wand of polymorph (7)
 P - a wand of flame (7)
Scrolls
 d - a scroll of fear
 i - 3 scrolls of enchant armour
 j - 6 scrolls of amnesia
 k - a scroll of silence {unknown}
 l - a scroll of enchant weapon
 p - 3 scrolls of butterflies
 r - 6 scrolls of teleportation
 t - 2 scrolls of poison
 w - 2 scrolls of noise
 B - a scroll of torment
 E - 2 scrolls of fog
 G - 3 scrolls of immolation
 I - 2 scrolls of blinking {unknown}
 L - 3 scrolls of identify
 N - a scroll of brand weapon {unknown}
 O - 2 scrolls of magic mapping {unknown}
Potions
 b - a potion of magic
 e - 9 potions of mutation
 f - a potion of might {unknown}
 g - 6 potions of curing {unknown}
 h - 3 potions of attraction {unknown}
 m - 2 potions of resistance {unknown}
 n - a potion of ambrosia {unknown}
 o - 4 potions of flight {unknown}
 q - 4 potions of degeneration {unknown}
 v - 3 potions of lignification {unknown}
 x - 2 potions of haste {unknown}
 A - a potion of brilliance {unknown}
 H - 2 potions of cancellation {unknown}
Miscellaneous
 J - a condenser vane


   Skills:
 + Level 10.2 Fighting
 + Level 10.5 Dodging
 - Level 2.3 Stealth
 + Level 11.4 Spellcasting
 + Level 11.0 Ice Magic


You had 11 spell levels left.
You knew the following spells:

 Your Spells              Type           Power      Damage    Failure   Level
a - Freeze                Ice            100%       1d10      1%          1
b - Frozen Ramparts       Ice            100%       1d16      1%          3
c - Ozocubu's Armour      Ice            93%        N/A       1%          3
d - Summon Ice Beast      Ice/Summ       69%        N/A       2%          4
e - Freezing Cloud        Conj/Ice/Air   29%        6-21      4%          5
f - Ozocubu's Refrigerat  Ice            46%        4d17      7%          7

Your spell library contained the following spells:

 Spells                   Type           Power      Damage    Failure   Level
 Arcjolt                  Conj/Air       13%        1d23      19%         5
 Magic Dart               Conj           100%       1d8       1%          1
 Poisonous Vapours        Pois/Air       54%        N/A       1%          2
 Searing Ray              Conj           54%        2d6       1%          2
 Ignite Poison            Fire/Tmut/Pois 27%        N/A       2%          3
 Kindle Blastsparks       Fire/Tloc/Air  54%        2d14      2%          3
 Mephitic Cloud           Conj/Pois/Air  27%        N/A       2%          3
 Stone Arrow              Conj/Erth      54%        3d10      2%          3
 Cigotuvi's Dreadful Rot  Necr/Pois/Air  54%        N/A       4%          2
 Sublimation of Blood     Necr           27%        N/A       4%          2
 Wereblood                Tmut           27%        N/A       4%          2
 Fulminant Prism          Conj/Hex       13%        3d9       7%          4
 Tukima's Dance           Hex            27%        N/A       8%          3
 Yara's Violent Unravell  Hex/Tmut       13%        3d7       19%         5
 Animate Armour           Summ/Erth      54%        N/A       26%         4
 Passage of Golubria      Tloc           27%        N/A       26%         4
 Summon Hydra             Summ           13%        N/A       100%        7
 Lehudib's Crystal Spear  Conj/Erth      13%        10d5      100%        8


Dungeon Overview and Level Annotations

Branches:
Dungeon (13/15)            Temple (1/1) D:5            Lair (0/5) D:11
    Orc (0/2) D:10          Sewer (visited)         Ossuary (visited)
 Vaults: D:13-14

Altars:
Cheibriados
Dithmenos
Gozag
Kikubaaqudgha
Makhleb
Okawaru
Qazlal
Sif Muna
Vehumet
Wu Jian
Yredelemnul
Zin

Shops:
D:9 *

Annotations:
D:9 2 transporters, NoOffense's ghost, novice TrMo


Message History

You swap places.
The meliai misses you. The meliai closely misses you.
The meliai calls down the wrath of its god upon you.
Something smites you! The meliai hits you with a +0 hand axe!
The meliai stings you! The meliai hits you with a +0 hand axe.
The meliai completely misses you.
Casting: Ozocubu's Refrigeration (dangerous; 7% risk of failure)
Confirm with . or Enter, or press ? or * to list all spells.
Casting: Frozen Ramparts (safe; 1% risk of failure)
Press: ? - help, Dir - look around, f - activate You feel a surge of power!
The walls around you are covered in ice.
The wall freezes the meliai but does no damage.
The meliai hits you with a +0 hand axe!
* * * LOW HITPOINT WARNING * * *
The meliai barely misses you. The meliai misses you. x2
The wall freezes the meliai.
The meliai hits you with a +0 hand axe.
* * * LOW HITPOINT WARNING * * *
The meliai hits your ice beast with a +0 hand axe.
The meliai stings you.
* * * LOW HITPOINT WARNING * * *
You are poisoned.
The meliai poisons you!
The wall freezes the meliai.
The meliai calls down the wrath of its god upon you.
Something smites you!
* * * LOW HITPOINT WARNING * * *
The wall freezes the meliai.
The meliai barely misses you.
The meliai stings you but does no damage.
Unknown command.
Okay, then.
Okay, then.
As you read the scroll of fear, it crumbles to dust.
You assume a fearsome visage.
The meliai looks frightened! x3
* * * LOW HITPOINT WARNING * * *
You feel very sick.
The wall freezes the meliai.
Your attack snaps the meliai out of its fear.
The wall freezes the meliai.
Your attack snaps the meliai out of its fear.
The meliai hits you with a +0 hand axe!
You die...

#......#
#......####
#..........
#........#
#........#
#...<....# .
#.<....y.# ...
#.......y#.....
#.....Y@y'.....
.......○○...#.....
#........§§..# #..
#.......§§§§....
#.......§°○§....#
#.........§./.....
#.................
...............##


You could see 3 meliai and a friendly ice beast (summoned).

Vanquished Creatures
  A centaur warrior (D:12)
  An alligator (D:12)
  A two-headed ogre (D:9)
  5 boulder beetles
  Pikel (D:6)
  A deep elf pyromancer (D:12)
  2 manticores
  5 slime creatures
  An unseen horror (D:11)
  2 gargoyles
  A kobold demonologist (D:12)
  Psyche (D:8)
  4 trolls (D:12)
  A hornet (D:9)
  A meliai (D:12)
  Prince Ribbit (D:8)
  A shadow (D:12)
  A wyvern (D:7)
  A centaur simulacrum (D:12)
  10 yaks
  A wraith (D:10)
  2 steam dragons
  10 vampire mosquitoes
  2 water moccasins
  3 acid dragons
  A floating eye (shapeshifter) (D:12)
  3 orc warriors
  3 ice beasts
  A black bear (D:6)
  2 ogres (D:5)
  10 centaurs
  A phantom (D:7)
  A kobold brigand (D:7)
  A lemure (D:6)
  4 bullfrogs
  Blork the orc (D:4)
  2 gnoll sergeants (D:12)
  4 scorpions
  5 wights
  4 water moccasin zombies (Ossuary)
  5 howler monkeys
  3 jellies
  5 orc priests
  2 gnoll boudas
  7 hounds
  An iguana (D:5)
  4 orc wizards
  2 mummies (Ossuary)
  9 adders
  12 gnolls
  2 white imps
  3 ufetubi (D:5)
  4 adder zombies (Ossuary)
  3 worms
  3 dart slugs
  31 orcs
  4 bats
  7 endoplasms
  5 giant cockroaches
  5 gnoll zombies (Ossuary)
  13 goblins
  9 hobgoblins
  8 quokkas
  10 ball pythons
  8 frilled lizards
  A goblin zombie (D:4)
  3 hobgoblin zombies (Ossuary)
  20 kobolds
  6 kobold zombies (Ossuary)
  4 orc zombies (Ossuary)
  10 rats
  A rat zombie (D:4)
313 creatures vanquished.

Vanquished Creatures (collateral kills)
  A two-headed ogre (D:12)
  An ugly thing (D:12)
  A cyclops (D:12)
  A kobold demonologist (D:12)
  A troll (D:12)
  4 slime creatures
  6 yaks
  A steam dragon (D:10)
  A vampire mosquito (D:12)
  An acid dragon (D:10)
  A centaur (D:11)
  A kobold brigand (D:8)
  A wight (D:7)
  A howler monkey (D:8)
  A hound (D:6)
  An orc priest (D:8)
  4 gnolls
  A shadow imp (D:8)
  7 orcs
36 creatures vanquished.

Vanquished Creatures (others)
  A plant (D:10)
1 creature vanquished.

Grand Total: 350 creatures vanquished

Notes
Turn   | Place    | Note
-------+----------+-------------------------------------------
     0 | D:1      | 112233 the Human Ice Elementalist began the quest for the
                  | Orb.
     0 | D:1      | Reached XP level 1. HP: 13/13 MP: 3/3
   161 | D:1      | Reached XP level 2. HP: 19/19 MP: 3/5
   507 | D:1      | Reached XP level 3. HP: 23/24 MP: 4/6
   938 | D:1      | Found a faded altar of an unknown god.
  1415 | D:2      | Reached XP level 4. HP: 23/30 MP: 3/8
  2430 | D:3      | Found a glowing drain.
  2442 | Sewer    | Entered a sewer
  2447 | Sewer    | Learned a level 3 spell: Frozen Ramparts
  2451 | Sewer    | Learned a level 3 spell: Ozocubu's Armour
  2561 | Sewer    | Reached XP level 5. HP: 30/35 MP: 7/11
  3859 | D:4      | Reached skill level 5 in Spellcasting
  3859 | D:4      | Reached XP level 6. HP: 41/41 MP: 4/13
  3984 | D:4      | Found a sand-covered staircase.
  3992 | Ossuary  | Entered an ossuary
  4512 | Ossuary  | Reached XP level 7. HP: 24/46 MP: 3/16
  5391 | D:4      | Reached skill level 1 in Fighting
  5474 | D:4      | Learned a level 4 spell: Summon Ice Beast
  5575 | D:4      | Noticed Blork the orc
  5581 | D:4      | Killed Blork the orc
  5589 | D:4      | Reached XP level 8. HP: 41/54 MP: 5/18
  6051 | D:5      | Entered Level 5 of the Dungeon
  6358 | D:5      | Found a staircase to the Ecumenical Temple.
  6377 | Temple   | Entered the Ecumenical Temple
  6392 | Temple   | Became a worshipper of Vehumet
  6557 | D:5      | Reached skill level 5 in Ice Magic
  7168 | D:5      | Reached XP level 9. HP: 57/64 MP: 16/20
  8015 | D:6      | Reached skill level 5 in Dodging
  8424 | D:6      | Noticed Pikel
  8439 | D:6      | Killed Pikel
  8440 | D:6      | Reached skill level 5 in Fighting
  9119 | D:7      | Reached XP level 10. HP: 54/74 MP: 9/22
  9341 | D:7      | Reached * piety under Vehumet
  9341 | D:7      | Offered knowledge of Shock by Vehumet.
 10379 | D:8      | Noticed Psyche
 10386 | D:8      | Killed Psyche
 10662 | D:8      | Noticed Prince Ribbit
 10668 | D:8      | Killed Prince Ribbit
 10671 | D:8      | Reached ** piety under Vehumet
 10696 | D:8      | Offered knowledge of Kiss of Death by Vehumet.
 11300 | D:9      | Found Emasajas's General Store.
 11308 | D:9      | Bought a potion of heal wounds for 80 gold pieces
 11308 | D:9      | Bought a scroll of identify for 32 gold pieces
 11494 | D:9      | Found an ancient bone altar of Kikubaaqudgha.
 11494 | D:9      | Noticed a two-headed ogre
 11507 | D:9      | Killed a two-headed ogre
 11508 | D:9      | Reached XP level 11. HP: 44/84 MP: 15/24
 11828 | D:9      | Found a shadowy altar of Dithmenos.
 11856 | D:9      | Found a transporter.
 11882 | D:9      | Noticed a moth of wrath
 11883 | D:9      | Noticed NoOffense's ghost (novice TrMo)
 12449 | D:9      | Found a glowing silver altar of Zin.
 12558 | D:9      | Found a transporter.
 12619 | D:10     | Entered Level 10 of the Dungeon
 12926 | D:10     | Offered knowledge of Dazzling Flash by Vehumet.
 13900 | D:10     | Found a staircase to the Orcish Mines.
 13986 | D:11     | Noticed a manticore
 13996 | D:11     | Killed a manticore
 14121 | D:11     | Noticed a boulder beetle
 14170 | D:11     | Killed a boulder beetle
 14171 | D:11     | Reached skill level 10 in Spellcasting
 14446 | D:11     | Reached *** piety under Vehumet
 14669 | D:11     | Noticed a boulder beetle
 14711 | D:11     | Killed a boulder beetle
 14712 | D:11     | Reached XP level 12. HP: 90/94 MP: 7/26
 14811 | D:11     | Found a staircase to the Lair.
 14932 | D:11     | You fall into a shaft and drop 1 floor!
 15383 | D:12     | Offered knowledge of Inner Flame by Vehumet.
 15511 | D:12     | Noticed a centaur warrior
 15527 | D:12     | Killed a centaur warrior
 15839 | D:11     | Reached skill level 10 in Ice Magic
 16031 | D:12     | Noticed a two-headed ogre
 16034 | D:12     | Noticed a boulder beetle
 16041 | D:12     | Killed a two-headed ogre
 16054 | D:12     | Killed a boulder beetle
 16593 | D:12     | Noticed a boulder beetle
 17345 | D:12     | Reached **** piety under Vehumet
 17490 | D:12     | Reached skill level 10 in Dodging
 17670 | D:12     | Learned a level 5 spell: Freezing Cloud
 17678 | D:12     | Learned a level 7 spell: Ozocubu's Refrigeration
 17678 | D:12     | Noticed a boulder beetle
 17746 | D:12     | Killed a boulder beetle
 17747 | D:12     | Reached XP level 13. HP: 86/102 MP: 6/28
 18444 | D:12     | Reached skill level 10 in Fighting
 18478 | D:12     | Identified the amulet of Doabrag {Faith Will++ MP+9}
 18481 | D:12     | Offered knowledge of Arcjolt by Vehumet.
 18606 | D:12     | Identified the ring "Fumuarod" {*Corrode rN+ Will+++ Str+6}
 18609 | D:12     | Identified the amulet "Wihap" {Faith rF+ Int+5}
 18891 | D:12     | Identified the ring of Rubyaj {Wiz *Slow Str+7}
 18956 | D:13     | HP: 5/103 [poisoned by a meliai]
 18956 | D:13     | Mangled by a meliai

Illustrated notes

Levels and vault maps discovered:
D:1:      spicycebolla_green_bress_n_ham_2, layout_basic,
          dilly_ecumenical_altar_fadedgnrine
D:2:      layout_basic
D:3:      layout_loops_ring, gup_sewer_entry_bubbles, kennysheep_big_empty_room,
          chequers_avenue, grunt_ministairs_14, st_stairs_10
D:4:      layout_loops_ring, enter_ossuary_4, st_stairs_3,
          chequers_serial_rivers_micro_e, uniq_blork_the_orc
D:5:      layout_basic, minmay_temple_entry_stoned_glass, st_stairs_2,
          hangedman_abyss_or_decor_passed, kennysheep_generic_room_3
D:6:      layout_layer_cave, uniq_pikel
D:7:      layout_loops_ring, serial_glass, glass_columns_a, glass_columns_a,
          nicolae_sextant, chequers_serial_rivers_micro_a,
          minmay_misc_feat_four_crosses
D:8:      layout_rooms, uniq_psyche, uniq_prince_ribbit1
D:9:      layout_cave_pods, mainiacjoe_overflow_large_starburst,
          mainiacjoe_overflow_24_doors, gammafunk_ghost_berserking_beasts,
          serial_shops, shop_statue
D:10:     layout_stronghold, hiddenorc1_lemuel, serial_bayou_pond_e
D:11:     layout_roguey, lair_entry_dummy
D:12:     minmay_the_grid_triangle_9x9_recursive_2
          [minmay_the_grid_triangle_9x9_prize_special,
          minmay_the_grid_triangle_9x9_semitri,
          minmay_the_grid_triangle_9x9_stretched_checkered,
          minmay_the_grid_triangle_9x9_skeleton], layout_basic
D:13:     layout_irregular_city, skrybe_vaults_entry_preservation, uniq_kirke
Temple:   hellmonk_temple_of_storms

Skill      XL: |  1  2  3  4  5  6  7  8  9 10 11 12 13 |
---------------+----------------------------------------+-----
Spellcasting   | 3 4 5 6 7 8 9 10 11 | 11.4
Fighting       | 1 3 5 7 8 9 10 | 10.2
Dodging        | 3 4 5 7 8 10 | 10.5
Ice Magic      | 5 6 8 9 10 11 | 11.0
Stealth        | |  2.3

Action                     |  1- 3 |  4- 6 |  7- 9 | 10-12 | 13-15 || total
---------------------------+-------+-------+-------+-------+-------++-------
  Melee: Unarmed           |    21 |       |       |       |       ||    21
         Club              |     5 |   101 |    91 |       |       ||   197
         War axe           |       |       |    56 |   101 |    12 ||   169
         Punch             |       |       |     1 |     1 |     2 ||     4
   Cast: Freeze            |    57 |    85 |    56 |    27 |     9 ||   234
         Frozen Ramparts   |       |    16 |    41 |    72 |     9 ||   138
         Ozocubu's Armour  |       |     3 |    29 |    42 |     2 ||    76
         Summon Ice Beast  |       |       |     4 |    70 |     8 ||    82
         Freezing Cloud    |       |       |       |     2 |     3 ||     5
         Ozocubu's Refrige |       |       |       |     1 |     1 ||     2
  Evoke: Wand              |       |       |       |    12 |     3 ||    15
         Condenser vane    |       |       |       |     1 |       ||     1
    Use: Scroll            |       |       |       |    14 |     1 ||    15
         Potion            |       |       |       |     3 |       ||     3
   Stab: Sleeping          |     2 |       |     1 |       |       ||     3
         Distracted        |       |       |       |     1 |     1 ||     2
 Armour: Robe              |     7 |    69 |   122 |    88 |    13 ||   299
  Dodge: Dodged            |    37 |   131 |   172 |   197 |    29 ||   566

Table legend: (Time is in decaauts)
 A = Elapsed time spent in this place.
 B = Non-inter-level travel time spent in this place.
 C = Inter-level travel time spent in this place.
 D = Time resting spent in this place.
 E = Time spent auto-exploring this place.
 F = Levels seen in this place.
 G = Mean time per level.
                   A        B        C        D        E       F      G
               +--------+--------+--------+--------+--------+-----+--------+
         Total |  19205 |  18804 |    401 |   4116 |  11789 |  16 | 1200.3 |
       Dungeon |  17358 |  16964 |    394 |   3326 |  11190 |  13 | 1335.2 |
        Temple |     22 |     15 |      7 |      0 |      2 |   1 |   22.0 |
         Sewer |    577 |    577 |      0 |      0 |    428 |   1 |  577.0 |
       Ossuary |   1246 |   1246 |      0 |    790 |    168 |   1 | 1246.0 |
               +--------+--------+--------+--------+--------+-----+--------+

Top non-repeatable levels by time:
    D:12: 3618 daAuts
     D:5: 1694 daAuts
     D:6: 1498 daAuts
     D:9: 1460 daAuts
    D:11: 1411 daAuts
    D:10: 1325 daAuts
 Ossuary: 1246 daAuts
     D:1: 1187 daAuts
     D:4: 1162 daAuts
     D:3: 1046 daAuts
     D:8: 1026 daAuts
     D:2: 989 daAuts
     D:7: 920 daAuts
   Sewer: 577 daAuts
  Temple: 22 daAuts
